 Dungeon Crawl Stone Soup version 0.29.1-2-gbd0b4ee654 (webtiles) character file.

Game seed: 5987248930840702767

4720 warriortoast the Conjurer (level 10, -1/75 HPs)
             Began as a Green Draconian Conjurer on Nov 28, 2022.
             Was a Follower of Hepliaklqana.
             Slain by a two-headed ogre
             ... wielding a +0 giant spiked club
              (11 damage)
             ... on level 8 of the Dungeon.
             The game lasted 00:34:52 (11498 turns).

warriortoast the Conjurer (DrCj)                   Turns: 11498, Time: 00:34:54

Health: -1/75      AC: 13    Str:  9    XL:     10   Next: 22%
Magic:  3/18       EV: 13    Int: 22    God:    Hepliaklqana [*.....]
Gold:   244        SH:  0    Dex: 11    Spells: 6/20 levels left

rFire   . . .      SeeInvis .   n - +7 sling of Floods {freeze, rElec rCorr}
rCold   . . .      Faith    .   (no shield)
rNeg    . . .      Spirit   .   (body armour unavailable)
rPois   +          Reflect  .   (helmet restricted)
rElec   +          Harm     .   (no cloak)
rCorr   +          Rampage  .   p - +1 pair of gloves
Will    +....                   (no boots)
Stlth   +++.......              d - amulet of the acrobat
HPRegen 0.22/turn               v - ring of willpower
MPRegen 0.16/turn               s - +4 ring of protection

@: very slightly contaminated
A: reduced essence, breathe noxious fumes, AC +7, unfitting armour, poison
resistance, cold-blooded
a: Breathe Noxious Fumes, Renounce Religion, Recall Ancestor, Ancestor Identity


You were on level 8 of the Dungeon.
You worshipped Hepliaklqana.
Hepliaklqana was aware of your devotion.
You visited 2 branches of the dungeon, and saw 10 of its levels.

You collected 598 gold pieces.
You spent 354 gold pieces at shops.

Inventory:

Hand Weapons
 c - a +0 whip
 m - a +1 mace
 n - the +7 sling of Floods (weapon) {freeze, rElec rCorr}
   (You found it on level 2 of the Dungeon)

   Any ammunition fired from it freezes those it strikes, dealing additional
   cold damage.
   It can also slow down cold-blooded creatures.
   rElec:     It insulates you from electricity.
   rCorr:     It protects you from acid and corrosion.
Armour
 p - a +1 pair of gloves (worn)
Jewellery
 d - an amulet of the acrobat (around neck)
 s - a +4 ring of protection (right hand)
 v - a ring of willpower (left hand)
Scrolls
 b - a scroll of identify
 k - 3 scrolls of enchant weapon
 o - 2 scrolls of immolation
 w - a scroll of silence
 y - a scroll of fear {unknown}
 z - a scroll of magic mapping
 A - a scroll of enchant armour {unknown}
 B - a scroll of noise {unknown}
Potions
 a - a potion of magic
 e - 4 potions of mutation
 f - 4 potions of flight
 g - 8 potions of curing
 h - 2 potions of might
 j - 2 potions of attraction
 l - a potion of brilliance
 q - a potion of ambrosia
 r - 4 potions of heal wounds
 t - 2 potions of cancellation
 u - 3 potions of lignification
 x - a potion of resistance


   Skills:
 + Level 6.4 Fighting
 - Level 5.0 Dodging
 + Level 6.3 Stealth
 + Level 5.9 Spellcasting
 + Level 7.3 Conjurations
 - Level 5.0 Hexes
 + Level 2.8 Translocations
 + Level 3.3 Invocations


You had 6 spell levels left.
You knew the following spells:

 Your Spells              Type           Power      Damage    Failure   Level
a - Magic Dart            Conj           100%       1d8       1%          1
b - Dazzling Flash        Conj/Hex       66%        N/A       2%          3
c - Ensorcelled Hibernat  Hex/Ice        34%        N/A       4%          2
d - Fulminant Prism       Conj/Hex       16%        3d11      8%          4
e - Iskenderun's Mystic   Conj/Tloc      28%        2d7       12%         4

Your spell library contained the following spells:

 Spells                   Type           Power      Damage    Failure   Level
 Searing Ray              Conj           76%        2d7       1%          2
 Necrotise                Necr           24%        1d5       10%         1
 Passwall                 Tmut/Erth      5%         N/A       14%         2
 Poisonous Vapours        Pois/Air       12%        N/A       14%         2
 Frozen Ramparts          Ice            12%        1d2       28%         3
 Swiftness                Air            6%         N/A       28%         3
 Vampiric Draining        Necr           6%         2d6       28%         3
 Corpse Rot               Necr/Pois/Air  6%         N/A       67%         4
 Ice Form                 Ice/Tmut       6%         N/A       67%         4
 Petrify                  Tmut/Erth      6%         N/A       67%         4
 Summon Ice Beast         Ice/Summ       6%         N/A       67%         4
 Metabolic Englaciation   Hex/Ice        8%         N/A       67%         5
 Agony                    Necr           6%         N/A       95%         5
 Statue Form              Tmut/Erth      4%         N/A       100%        6


Dungeon Overview and Level Annotations

Branches:
Dungeon (9/15)             Temple (1/1) D:6            Lair (0/5) D:9
    Orc: D:9-12

Altars:
Ashenzari
Cheibriados
Dithmenos
Elyvilon
Fedhas
Gozag
Hepliaklqana
Kikubaaqudgha
Nemelex Xobeh
Okawaru
Ru
Sif Muna
Trog
Xom
Zin
The Shining One

Shops:
D:1 !   D:6 ?

Annotations:
D:6 1 runed translucent door


Innate Abilities, Weirdness & Mutations

Your life essence is reduced to manifest your ancestor. (-10% HP)
You can breathe blasts of noxious fumes.
Your lurid green scales are hard. (AC +7)
You cannot fit into any form of body armour.
Your system is resistant to poisons. (rPois)
You are cold-blooded and may be slowed by cold attacks.


Message History

Your fulminant prism explodes!
The blast of energy engulfs the orc wizard!
The orc wizard is severely wounded.
Udjahorresnet avoids your attack.
Udjahorresnet misses the orc wizard.
You hear a shout! x2
Casting: Fulminant Prism (dangerous; 8% risk of failure)
Confirm with . or Enter, or press ? or * to list all spells.
Aiming: Fulminant Prism (dangerous; 8% risk of failure)
Press: ? - help, Dir - move target, p - orc wizard You conjure a prism of explosive energy!
A fulminant prism comes into view.
Udjahorresnet hits the orc wizard.
The orc wizard dies!
You shoot a sling bullet.
The sling bullet hits the two-headed ogre.
The sling bullet freezes the two-headed ogre.
The two-headed ogre is lightly wounded.
Udjahorresnet hits the two-headed ogre.
Your fulminant prism crackles loudly.
Your fulminant prism explodes!
The two-headed ogre hits you with a +0 giant spiked club!!
The two-headed ogre hits you with a +0 giant club!!
* * * LOW HITPOINT WARNING * * *
Udjahorresnet hits the two-headed ogre.
You hear a shout!
You climb upwards.
There is a stone staircase leading down here.
As you read the scroll labelled NININE CUOMITOFEILL, it crumbles to dust.
It is a scroll of amnesia.
Really abort (and waste the scroll)?
Really abort (and waste the scroll)?
Okay, then.
Okay, then.
Casting: Fulminant Prism (dangerous; 8% risk of failure)
Confirm with . or Enter, or press ? or * to list all spells.
You miscast Iskenderun's Mystic Blast.
You are very lightly contaminated with residual magic.
Nothing appears to happen.
The two-headed ogre barely misses you.
The two-headed ogre hits you with a +0 giant club!
You die...

###.......####.......##
#####....))######.......###
.#.................#....#.#
............#...####...##.##
.......)........#####......###
#...............#............####
#####)...........................
####..##........O................
..).)..##.......@................
)[....###...................>....
.##....##...#...............#....
##.........##...............#....
.#..###....##.............#......
.)..##................##..#.##..#
.#..#.....##.........###...###...
###.#.......##.......##...##.....
##.............####...##..##.....


You could see a two-headed ogre.

Vanquished Creatures
  The ghost of Ekaitz the Firebug, a novice DsFE (D:6)
  A troll (D:8)
  2 hornets
  Grinder (D:5)
  Sigmund (D:6)
  2 steam dragons (D:6)
  Menkaure (D:7)
  A water moccasin (D:7)
  3 black bears
  2 sky beasts
  2 ogres (D:6)
  2 centaurs
  A phantom (D:5)
  A gnoll sergeant (D:8)
  5 bullfrogs
  4 necrophages
  2 scorpions (D:4)
  7 wights
  4 killer bees (D:8)
  A howler monkey (D:8)
  A gnoll bouda (D:4)
  A jelly (D:7)
  5 orc priests
  A hound (D:4)
  2 iguanas
  5 orc wizards
  7 gnolls (D:8)
  8 adders
  A river rat (D:6)
  2 shadow imps
  2 white imps
  An ufetubus (D:4)
  2 worms
  2 dart slugs
  29 orcs
  10 ball pythons
  8 bats
  5 endoplasms
  4 giant cockroaches
  7 goblins
  10 hobgoblins
  6 jackals
  3 kobolds
  5 quokkas
  2 frilled lizards
  10 rats
  A fulminant prism (D:6)
184 creatures vanquished.

Vanquished Creatures (collateral kills)
  A black bear (D:8)
  An orc wizard (D:9)
2 creatures vanquished.

Vanquished Creatures (others)
  An ancestor (D:8)
  52 fulminant prisms
53 creatures vanquished.

Grand Total: 239 creatures vanquished

Notes
Turn   | Place    | Note
-------+----------+-------------------------------------------
     0 | D:1      | warriortoast the Draconian Conjurer began the quest for the
                  | Orb.
     0 | D:1      | Reached XP level 1. HP: 14/14 MP: 3/3
   166 | D:1      | Reached XP level 2. HP: 15/20 MP: 0/5
   447 | D:1      | Found a faded altar of an unknown god.
   830 | D:1      | Found Surerij's Distillery.
  1078 | D:1      | Reached XP level 3. HP: 26/26 MP: 3/6
  1843 | D:2      | Identified the +7 sling of Floods {freeze, rElec rCorr}
  2075 | D:2      | Reached skill level 1 in Fighting
  2075 | D:2      | Reached XP level 4. HP: 34/35 MP: 7/7
  3447 | D:3      | Found an opulent altar of Gozag.
  3453 | D:3      | Found a glowing silver altar of Zin.
  3623 | D:4      | Reached XP level 5. HP: 40/40 MP: 9/9
  3715 | D:4      | Noticed a black bear
  3764 | D:3      | Learned a level 3 spell: Dazzling Flash
  3812 | D:4      | Noticed a black bear
  3821 | D:4      | Killed a black bear
  3822 | D:4      | Reached XP level 6. HP: 35/48 MP: 4/10
  4036 | D:4      | Reached skill level 1 in Hexes
  4146 | D:4      | Reached skill level 5 in Conjurations
  4398 | D:5      | Entered Level 5 of the Dungeon
  4398 | D:5      | Noticed Grinder
  4404 | D:4      | Learned a level 2 spell: Ensorcelled Hibernation
  4407 | D:5      | Paralysed by Grinder for 2 turns
  4731 | D:4      | Learned a level 4 spell: Fulminant Prism
  4799 | D:4      | Your scales start taking on a lurid green colour.
  4799 | D:4      | Reached XP level 7. HP: 25/57 MP: 6/12
  4799 | D:4      | Gained mutation: Your system is resistant to poisons.
                  | (rPois) [Green Draconian growth]
  5755 | D:5      | Killed Grinder
  6214 | D:6      | Found an ancient bone altar of Kikubaaqudgha.
  6253 | D:6      | Reached XP level 8. HP: 66/66 MP: 7/14
  6573 | D:6      | Found a sparkling altar of Nemelex Xobeh.
  6793 | D:6      | Found a runed translucent door.
  6807 | D:6      | Noticed Ekaitz's ghost (novice DsFE)
  6948 | D:6      | Found a runed translucent door.
  6995 | D:6      | Reached skill level 6 in Conjurations
  7239 | D:6      | Noticed Sigmund
  7286 | D:6      | Killed Sigmund
  7287 | D:6      | Reached skill level 5 in Stealth
  7514 | D:6      | Learned a level 4 spell: Iskenderun's Mystic Blast
  7515 | D:6      | Found Byrr's Magic Scroll Emporium.
  7665 | D:1      | Bought a potion of cancellation for 88 gold pieces
  7665 | D:1      | Bought a potion of curing for 33 gold pieces
  7665 | D:1      | Bought a potion of curing for 33 gold pieces
  7665 | D:1      | Bought a potion of curing for 33 gold pieces
  7665 | D:1      | Bought a potion of attraction for 33 gold pieces
  7665 | D:1      | Bought a potion of flight for 33 gold pieces
  7665 | D:1      | Bought a potion of might for 44 gold pieces
  7665 | D:1      | Bought a potion of lignification for 33 gold pieces
  7809 | D:6      | Bought a scroll of identify for 24 gold pieces
  7879 | D:6      | Found a staircase to the Ecumenical Temple.
  7916 | Temple   | Entered the Ecumenical Temple
  7984 | Temple   | Became a worshipper of Hepliaklqana the Forgotten
  8008 | D:6      | Found a white marble altar of Elyvilon.
  8462 | D:7      | Reached skill level 5 in Fighting
  8462 | D:7      | Reached XP level 9. HP: 71/74 MP: 1/16
  8596 | D:7      | Noticed Menkaure
  8735 | D:7      | You fall into a shaft and drop 1 floor!
  8828 | D:8      | Reached skill level 5 in Spellcasting
  8890 | D:7      | Found an iron altar of Okawaru.
  8933 | D:6      | Reached skill level 5 in Dodging
  9054 | D:7      | Killed Menkaure
  9169 | D:7      | Reached skill level 1 in Invocations
  9172 | D:7      | Reached skill level 1 in Translocations
  9476 | D:7      | Found a sacrificial altar of Ru.
 10200 | D:7      | Reached skill level 7 in Conjurations
 10437 | D:8      | Noticed a troll
 10541 | D:8      | Reached * piety under Hepliaklqana
 10542 | D:8      | Found a snail-covered altar of Cheibriados.
 10840 | D:8      | Reached XP level 10. HP: 74/74 MP: 13/18
 11121 | D:9      | Found a staircase to the Lair.
 11193 | D:9      | Noticed an orc knight
 11330 | D:6      | Killed Ekaitz's ghost
 11331 | D:6      | Reached skill level 5 in Hexes
 11491 | D:9      | Noticed a two-headed ogre
 11498 | D:8      | Slain by a two-headed ogre

Illustrated notes

Levels and vault maps discovered:
D:1:      lightli_molten_gateway, layout_basic,
          shapermc_ecumenical_altar_totnotflames, serial_shops,
          nicolae_shop_window_shopping
D:2:      minmay_general_purpose_star, layout_basic
D:3:      layout_loops_corners, pdpol_temple_overflow_zin_treasury_gozag_greed
D:4:      layout_cave_pools
D:5:      layout_gridville, st_stairs_3, uniq_grinder
D:6:      layout_loops_corners, mainiacjoe_overflow_tiny_flanked,
          mainiacjoe_overflow_catwalk, mainiacjoe_overflow_24_doors,
          temple_fountains, serial_shops, nicolae_shop_hallway_plus,
          ebering_ghost_sewer_f, uniq_sigmund
D:7:      layout_basic, okawaru_trees_2, lemuel_round_altar, item_on_display_a,
          uniq_menkaure
D:8:      black_bear_nest_2, layout_cave_pools,
          mainiacjoe_overflow_small_starburst
D:9:      gammafunk_beogh_shrine, layout_gridville, dpeg_oklobed_lair
Temple:   nicolae_temple_ecumenical_triangle

Skill      XL: |  1  2  3  4  5  6  7  8  9 10 |
---------------+-------------------------------+-----
Stealth        | 2 3 4 5 6 |  6.3
Dodging        | 2 3 4 5 |  5.0
Fighting       | 1 2 3 5 6 |  6.4
Spellcasting   | 3 4 5 |  5.9
Hexes          | 1 2 3 4 5 |  5.0
Conjurations   | 5 6 7 |  7.3
Invocations    | 2 3 |  3.3
Translocations | 2 |  2.8

Action                   |  1- 3 |  4- 6 |  7- 9 | 10-12 || total
-------------------------+-------+-------+-------+-------++-------
Melee: Unarmed           |    12 |       |       |       ||    12
       Tailslap          |     3 |       |       |       ||     3
       Whip              |    21 |       |       |       ||    21
       Mace              |     4 |       |       |       ||     4
 Fire: Sling             |    21 |    66 |   147 |    14 ||   248
 Cast: Magic Dart        |    71 |    60 |   111 |       ||   242
       Dazzling Flash    |       |     2 |     9 |       ||    11
       Fulminant Prism   |       |       |    43 |    10 ||    53
       Iskenderun's Myst |       |       |       |     2 ||     2
 Abil: Breathe Noxious F |       |       |     8 |       ||     8
Evoke: Wand              |       |     1 |       |       ||     1
  Use: Scroll            |       |       |    14 |     1 ||    15
 Stab: Sleeping          |     1 |       |       |       ||     1
Armor: Skin              |    28 |    31 |    75 |     5 ||   139
Dodge: Dodged            |    70 |    76 |   187 |    11 ||   344
